 Dungeon Crawl Stone Soup version 0.17.1-3-g152610e (webtiles) character file.

114 Charly the Ruffian (level 4, -5/32 (33) HPs)
             Began as a Ghoul Necromancer on May 1, 2016.
             Slain by a gnoll
             ... wielding a +0 whip
              (7 damage)
             ... on level 4 of the Dungeon.
             The game lasted 00:07:45 (495 turns).

Charly the Ruffian (Ghoul Necromancer)               Turns: 495, Time: 00:07:45

HP:   -5/32 (33)    AC:  2    Str: 11    XL:     4   Next: 97%
MP:   3/5           EV: 12    Int: 13    God:
Gold: 21            SH:  0    Dex:  9    Spells: 2 memorised, 2 levels left

rFire  . . .     SeeInvis .     h - +2 dagger (venom)
rCold  + . .     Clarity  .     a - +0 robe
rNeg   + + +     SustAt   .     (no shield)
rPois  ∞         Gourm    .     (no helmet)
rElec  .         Spirit   .     (no cloak)
rCorr  .         Warding  .     (no gloves)
rMut   .         Stasis   .     (no boots)
MR     .....                    (no amulet)
Stlth  ++........               (no ring)
                                i - +2 ring of intelligence

@: rotting, not resistant to hostile enchantments, unstealthy
A: rotting body, claws 1, carnivore 3, cold resistance 1, negative energy
resistance 3, slow regeneration 1, torment resistance, unbreathing
a: no special abilities


You were on level 4 of the Dungeon.
You were not hungry.

You visited 1 branch of the dungeon, and saw 5 of its levels.

You collected 21 gold pieces.

Inventory:

Hand Weapons
 h - a +2 dagger of venom (weapon)
Armour
 a - a +0 robe (worn)
Jewellery
 i - a +2 ring of intelligence (left claw)
Scrolls
 j - a scroll of teleportation {unknown}
Potions
 e - a potion of heal wounds {unknown}
 g - a potion of degeneration {unknown}
Books
 b - a book of Necromancy

   Spells                             Type                      Level
   a - Pain                           Necromancy                   1
   b - Animate Skeleton               Necromancy                   1
   c - Vampiric Draining              Necromancy                   3
   d - Regeneration                   Charms/Necromancy            3
   e - Animate Dead                   Necromancy                   4
   f - Control Undead                 Necromancy                   4
Comestibles
 c - 4 meat rations
 d - a beef jerky
 f - a slice of pizza


   Skills:
 - Level 1.7 Dodging
 - Level 2.1 Stealth
 + Level 4.8 Unarmed Combat
 - Level 1.7 Spellcasting
 - Level 4.0 Necromancy


You had 2 spell levels left.
You knew the following spells:

 Your Spells              Type           Power        Failure   Level  Hunger
p - Pain                  Necr           ##..         8%          1    ##.....
r - Regeneration          Chrm/Necr      #.........   38%         3    ####...


Dungeon Overview and Level Annotations

Branches:
Dungeon (5/15)
 Temple: D:4-7

Altars:
Yredelemnul


Innate Abilities, Weirdness & Mutations

Your body is rotting away.
You thrive on raw meat.
You are immune to poison.
You have sharp fingernails.
You are carnivorous and can eat meat at any time.
Your flesh is cold resistant.
You are immune to negative energy.
You regenerate slowly when monsters are visible.
You are immune to unholy pain and torment.
You can survive without breathing.


Message History

Found 11 bolts and a blackened silver wand.
The giant gecko skeleton bites you.
* * * LOW HITPOINT WARNING * * *
Your magical contamination has completely faded away.
Found a scroll labeled KIEJ OLIGESUTZ.
A giant gecko comes into view.
Unknown command.
The gnoll looks more healthy.
You see here a blackened silver wand.
You closely miss the gnoll.
The gnoll is almost dead.
The giant gecko skeleton bites you.
* * * LOW HITPOINT WARNING * * *
The gnoll closely misses you.
You completely miss the gnoll.
The gnoll is almost dead.
The giant gecko skeleton misses you. The gnoll hits you with a flail.
* * * LOW HITPOINT WARNING * * *
The gnoll hits you with a whip!
You die...

##(.#........# ###.........#
#(#####......###..........##
#.# ...........<......# ..(#
##.....#..........# .###
#.........$.......# .
#........#..........
#...../gl...........
..#....Zg#.#.........
#...#.@#.###....?.
#...##.#.. ..... ### #.....
..# #.##... #.. ... ###


You could see 2 gnolls, a giant gecko and a giant gecko skeleton.

Vanquished Creatures
  A scorpion (D:4)
  An iguana (D:4)
  A shadow imp (D:4)
  A giant gecko (D:3)
  An orc (D:4)
  6 bats
  A giant cockroach (D:3)
  5 goblins
  2 jackals (D:4)
  3 kobolds
  A quokka (D:3)
  A giant newt (D:3)
  3 rats
27 creatures vanquished.

Notes
Turn   | Place    | Note
--------------------------------------------------------------
     0 | D:1      | Charly the Ghoul Necromancer began the quest for the Orb.
     0 | D:1      | Reached XP level 1. HP: 14/14 MP: 2/2
    88 | D:1      | Reached skill level 1 in Unarmed Combat
   137 | D:1      | Reached XP level 2. HP: 15/20 MP: 1/3
   265 | D:3      | Found a basalt altar of Yredelemnul.
   285 | D:4      | Noticed a scorpion
   293 | D:4      | Reached XP level 3. HP: 20/26 MP: 4/4
   295 | D:4      | Killed a scorpion
   295 | D:4      | Reached XP level 4. HP: 25/33 MP: 5/5
   303 | D:4      | Learned a level 3 spell: Regeneration
   331 | D:5      | Entered Level 5 of the Dungeon
   495 | D:4      | Slain by a gnoll

Action                   |  1- 3 |  4- 6 || total
-------------------------+-------+-------++-------
Melee: Unarmed           |    48 |     4 ||    52
       Dagger            |     5 |    32 ||    37
 Cast: Pain              |    14 |       ||    14
       Regeneration      |       |     2 ||     2
  Eat: Chunk             |     6 |     2 ||     8
